AoeStats
← bullseyes

Black Forest

506419388Analyzed
4v4 RM · 19d ago on Sep 13, 2026· 42m 21s· 8 players
Game mode
Random Map
Map size
Large (8 player)
Population
200
Speed
Normal
Resources
Standard
Victory
Conquest
Starting age
Dark Age
Ending age
Imperial Age
RankedLock teamsTeams togetherTeam positionsShared explorationLock speedFull tech treeHidden civsTurbo modeCheats
Victory
Defeat
🇧🇪 Portuguese · Belgium
1568
+12
🇨🇳 Khmer · China
1522
+14
🇹🇷 Saracens · Türkiye
1507
+14
🇩🇪 Bulgarians · Germany
1488
+15
🇦🇷 Burgundians · Argentina
1533
-15
🇧🇷 Gurjaras · Brazil
1471
-14
🇺🇸 Celts · United States
1443
-13
🇩🇪 Jurchens · Germany
1442
-13
AncientKing
11:08 Feudal Age
12:44 Double-Bit Axe
15:03 Castle Age
16:34 Bow Saw
20:38 Wheelbarrow
19:49 Loom
21:00 Horse Collar
24:20 Stone Mining
24:28 Gold Mining
25:10 Heavy Plow
26:58 Hand Cart
30:41 Imperial Age
28:33 Scale Barding Armor
28:39 Forging
29:37 Chain Barding Armor
29:54 Iron Casting
29:36 Masonry
29:28 Squires
30:27 Bloodlines
30:18 Husbandry
30:44 Elite Konnik
32:01 Plate Barding Armor
32:27 Blast Furnace
31:30 Scale Mail Armor
32:04 Caravan
32:40 Devotion
34:13 Chain Mail Armor
35:26 Plate Mail Armor
36:57 Fletching
38:03 Architecture
37:53 Bodkin Arrow
39:12 Gold Shaft Mining
38:45 Capped Ram
39:30 Siege Ram
imenek
7:19 Loom
11:33 Feudal Age
15:33 Castle Age
13:47 Double-Bit Axe
14:55 Horse Collar
16:50 Bow Saw
16:47 Heavy Plow
23:17 Wheelbarrow
23:51 Gold Mining
24:55 Stone Mining
27:02 Hand Cart
26:32 Town Watch
27:38 Gold Shaft Mining
28:34 Caravan
31:35 Imperial Age
30:00 Scale Barding Armor
30:06 Forging
30:48 Chain Barding Armor
31:35 Coinage
31:35 Bloodlines
31:25 Husbandry
32:01 Iron Casting
31:44 Light Cavalry
31:47 Elite Mameluke
33:31 Plate Barding Armor
34:31 Blast Furnace
34:03 Conscription
39:30 Two-Man Saw
38:32 Fletching
38:43 Padded Archer Armor
40:08 Hussar
雾枝
8:23 Feudal Age
10:28 Fletching
13:46 Loom
14:47 Double-Bit Axe
15:13 Loom
15:17 Horse Collar
19:30 Wheelbarrow
21:55 Castle Age
20:45 Stone Mining
20:56 Gold Mining
20:57 Stone Mining
23:06 Bow Saw
23:34 Stone Shaft Mining
23:22 Bodkin Arrow
22:49 Crossbowman
33:47 Imperial Age
32:05 Bloodlines
32:43 Heavy Plow
33:34 Tusk Swords
33:48 Scale Barding Armor
34:01 Husbandry
34:43 Gold Shaft Mining
37:15 Chain Barding Armor
37:59 Plate Barding Armor
39:12 Forging
40:00 Iron Casting
41:32 Blast Furnace
bullseyes
2:30 Loom
12:54 Feudal Age
14:54 Double-Bit Axe
17:14 Castle Age
16:40 Town Watch
16:38 Horse Collar
18:55 Wheelbarrow
18:53 Bow Saw
24:54 Stone Mining
29:14 Imperial Age
27:05 Gold Mining
27:18 Heavy Plow
28:23 Hand Cart
28:15 Fletching
28:26 Padded Archer Armor
28:11 Treadmill Crane
28:52 Ballistics
30:59 Chemistry
30:15 Masonry
30:47 Conscription
31:14 Arquebus
33:31 Siege Engineers
35:23 Caravan
38:13 Leather Archer Armor
40:04 Ring Archer Armor
39:30 Bodkin Arrow
vladtepes
1:22 Loom
12:59 Feudal Age
13:38 Double-Bit Axe
13:56 Double-Bit Axe
16:40 Castle Age
14:42 Double-Bit Axe
15:28 Horse Collar
17:48 Bow Saw
23:03 Wheelbarrow
24:26 Hand Cart
25:59 Gold Mining
26:56 Heavy Plow
30:58 Imperial Age
28:43 Siege Engineers
28:29 Guard Tower
28:37 Town Watch
29:08 Stone Mining
30:40 Stone Shaft Mining
31:11 Masonry
30:45 Treadmill Crane
31:07 Scale Mail Armor
31:17 Forging
31:33 Arson
31:33 Gambesons
31:48 Squires
31:11 Elite Fire Lancer
33:06 Chemistry
32:46 Chain Mail Armor
33:46 Conscription
34:01 Fortified Wall
35:06 Iron Casting
34:52 Fortified Bastions
34:18 Capped Ram
35:06 Siege Ram
37:16 Gold Shaft Mining
39:21 Pikeman
41:09 Blast Furnace
K-1000
1:13 Loom
11:26 Feudal Age
12:10 Double-Bit Axe
18:01 Castle Age
18:10 Fletching
19:00 Man-at-Arms
20:01 Scale Mail Armor
20:45 Long Swordsman
25:43 Wheelbarrow
25:45 Town Watch
27:23 Chain Mail Armor
27:43 Gambesons
33:14 Forging
32:56 Arson
37:30 Horse Collar
38:34 Pikeman
T-900
6:37 Loom
9:34 Feudal Age
14:08 Castle Age
12:11 Double-Bit Axe
12:53 Horse Collar
15:24 Wheelbarrow
15:10 Bow Saw
15:41 Heavy Plow
21:20 Gold Mining
22:02 Hand Cart
22:01 Stone Mining
24:29 Gold Shaft Mining
28:32 Imperial Age
26:56 Padded Archer Armor
26:47 Fletching
27:56 Leather Archer Armor
28:12 Bodkin Arrow
28:30 Bloodlines
28:20 Husbandry
28:44 Thumb Ring
28:59 Caravan
30:13 Conscription
30:00 Bracer
31:01 Chemistry
30:24 Ballistics
30:59 Kshatriyas
31:05 Elite Elephant Archer
33:13 Frontier Guards
35:17 Town Watch
36:09 Stone Shaft Mining
35:12 Elite Skirmisher
39:36 Hoardings
Suricata Tactica
0:53 Loom
10:47 Feudal Age
14:54 Castle Age
13:07 Double-Bit Axe
13:36 Horse Collar
14:30 Bow Saw
18:36 Town Watch
19:30 Wheelbarrow
22:12 Gold Mining
23:13 Heavy Plow
24:32 Gold Shaft Mining
23:48 Stone Mining
28:28 Imperial Age
26:25 Redemption
26:35 Sanctity
27:22 Two-Man Saw
26:07 Cavalier
26:57 Scale Barding Armor
27:30 Forging
28:26 Chain Barding Armor
28:33 Chain Barding Armor
28:16 Husbandry
29:05 Iron Casting
28:32 Paladin
29:57 Plate Barding Armor
31:58 Hand Cart
33:01 Chemistry
33:27 Blast Furnace
33:12 Padded Archer Armor
36:36 Masonry
37:23 Leather Archer Armor
38:39 Conscription
38:27 Light Cavalry
40:16 Scale Mail Armor
41:14 Chain Mail Armor
42:02 Squires
43:05 Plate Mail Armor
Connection lost

Rejoining the realm…

Still unreachable

The connection could not be restored.

Session expired

The server has moved on; the page needs a fresh start.